 Dungeon Crawl Stone Soup version 0.29.1-4-g47bece8355 (webtiles) character file.

Game seed: 5491624176791017079

28 ChadusMaximus the Caller (level 2, -1/15 HPs)
             Began as a Deep Elf Summoner on Dec 4, 2022.
             Succumbed to Sigmund's poison
             ... on level 2 of the Dungeon.
             The game lasted 00:03:06 (1333 turns).

ChadusMaximus the Caller (Deep Elf Summoner)        Turns: 1333, Time: 00:03:07

Health: -1/15      AC:  2    Str:  5    XL:     2   Next: 96%
Magic:  7/8        EV: 13    Int: 19    God:
Gold:   114        SH:  0    Dex: 15    Spells: 7/8 levels left

rFire   . . .      SeeInvis .   (no weapon)
rCold   . . .      Faith    .   (no shield)
rNeg    . . .      Spirit   .   a - +0 robe
rPois   .          Reflect  .   (no helmet)
rElec   .          Harm     .   (no cloak)
rCorr   .          Rampage  .   (no gloves)
Will    .....                   (no boots)
Stlth   ++........              (no amulet)
HPRegen 0.05/turn               (no ring)
MPRegen 0.11/turn               (no ring)

@: lethally poisoned (-1 -> -11)
A: no striking features
a: no special abilities


You were on level 2 of the Dungeon.
You visited 1 branch of the dungeon, and saw 2 of its levels.

You collected 114 gold pieces.

Inventory:

Hand Weapons
 l - a +0 dagger
Armour
 a - a +0 robe (worn)
Scrolls
 c - 2 scrolls of identify {unknown}
 g - a scroll of vulnerability {unknown}
 h - a scroll of amnesia {unknown}
 j - a scroll of teleportation {unknown}
 k - a scroll of brand weapon {unknown}
Potions
 b - a potion of magic
 d - a potion of berserk rage {unknown}
 e - a potion of curing {unknown}
 f - 2 potions of resistance {unknown}
 i - a potion of attraction {unknown}


   Skills:
 - Level 2.8 Dodging
 - Level 2.8 Stealth
 * Level 3.7 Spellcasting
 * Level 4.8 Summonings


You had 7 spell levels left.
You knew the following spells:

 Your Spells              Type           Power      Damage    Failure   Level
a - Summon Small Mammal   Summ           84%        N/A       1%          1

Your spell library contained the following spells:

 Spells                   Type           Power      Damage    Failure   Level
 Call Imp                 Summ           21%        N/A       3%          2
 Call Canine Familiar     Summ           21%        N/A       6%          3
 Summon Guardian Golem    Hex/Summ       12%        N/A       16%         3
 Summon Lightning Spire   Summ/Air       12%        N/A       47%         4


Dungeon Overview and Level Annotations

Branches:
Dungeon (2/15)

Altars:
Nemelex Xobeh

Annotations:
D:2 Sigmund


Message History

Casting: Summon Small Mammal (safe; 1% risk of failure)
Confirm with . or Enter, or press ? or * to list all spells.
Your quokka disappears in a puff of smoke!
Your bat barely misses Sigmund.
Your bat hits Sigmund. x2
Your bat barely misses Sigmund.
Your bat closely misses Sigmund. x2; Your bat barely misses Sigmund.
Your bat barely misses Sigmund.
Your bat hits Sigmund.
Sigmund laughs darkly.
Sigmund gestures wildly while chanting.
Sigmund flickers and vanishes!
Deactivating autopickup; reactivate with Ctrl-A.
Your bat misses something.
Your bat hits something but does no damage.
Something barely misses you.
Your bat misses something.
Your bat hits something but does no damage.
Your bat closely misses something.
Your bat barely misses something.
Your bat completely misses something.
Your bat barely misses something.
Your bat closely misses something.
Your bat completely misses something.
Casting: Summon Small Mammal (safe; 1% risk of failure)
Confirm with . or Enter, or press ? or * to list all spells.
Your bat disappears in a puff of smoke!
Your bat hits something but does no damage. x2
Something hits you.
Your bat hits something but does no damage.
There is an open door here.
Something hits you.
You are lethally poisoned!
* * * LOW HITPOINT WARNING * * *
You feel very sick.
* * * LOW HITPOINT WARNING * * *
You feel sick.
Your bat closely misses something.
Your bat hits something but does no damage.
A magic dart appears from out of thin air!
The magic dart hits your quokka!
Your quokka dies!
Your quokka's corpse disappears in a puff of smoke!
Your bat hits something but does no damage.
There is an escape hatch in the floor here.
You die...

#.._..#...# #.# #.# .........#
#.# #.. ........ #.# ###
.....######### #.. ....
#....##......# ........
#....##......# ########
#....##......# .....
######....##......############
#.........##.@§§..'...........
##....#....##......############
#...#.#.#...####{###
#.#.#.#[#†#..b..b#
#.##########.#####
#..#.#.#.#.#.# ##...#(#.#†..#
###...#§(.### ###...###


You could see a friendly bat (summoned).

Vanquished Creatures
  A bat (D:1)
1 creature vanquished.

Vanquished Creatures (collateral kills)
  2 ball pythons
  2 endoplasms (D:1)
  6 giant cockroaches
  A goblin (D:2)
  3 hobgoblins (D:2)
  4 jackals (D:1)
  A kobold (D:1)
  A bat (D:1)
20 creatures vanquished.

Grand Total: 21 creatures vanquished

Notes
Turn   | Place    | Note
-------+----------+-------------------------------------------
     0 | D:1      | ChadusMaximus the Deep Elf Summoner began the quest for the
                  | Orb.
     0 | D:1      | Reached XP level 1. HP: 10/10 MP: 6/6
   376 | D:1      | Reached XP level 2. HP: 15/15 MP: 6/8
   779 | D:2      | Noticed Sigmund
  1106 | D:2      | Found a faded altar of an unknown god.
  1306 | D:2      | Found a sparkling altar of Nemelex Xobeh.
  1333 | D:2      | Succumbed to Sigmund's poison

Illustrated notes

Levels and vault maps discovered:
D:1:      eino_arrival_water_cross, layout_basic
D:2:      layout_basic, basic_altar, dilly_ecumenical_altar_fadedgnrine,
          st_stairs_14, minmay_worlds_worst_comb, uniq_sigmund, uniq_robin,
          uniq_jessica

Action                   || total
-------------------------++-------
Melee: Unarmed           ||    13
 Cast: Summon Small Mamm ||    43
Armor: Robe              ||     5
Dodge: Dodged            ||    23
